 Dungeon Crawl Stone Soup version 0.21.1-1-g345015fe64 (webtiles) character file.

100 Htamos the Sneak (level 4, -2/27 HPs)
             Began as an Octopode Wizard on July 12, 2018.
             Slain by a goblin
             ... wielding a +0 club
              (5 damage)
             ... on level 3 of the Dungeon.
             The game lasted 00:08:23 (3448 turns).

Htamos the Sneak (Octopode Wizard)                  Turns: 3448, Time: 00:08:24

Health: -2/27      AC:  2    Str:  6    XL:     4   Next: 73%
Magic:  8/8        EV: 13    Int: 21    God:
Gold:   50         SH:  0    Dex: 10    Spells: 8/9 levels left

rFire    . . .     SeeInvis .   t - -3 short sword (curse)
rCold    . . .     Gourm    .   (no shield)
rNeg     . . .     Faith    .   o - +1 hat
rPois    .         Spirit   .   (no amulet)
rElec    .         Reflect  .   (no ring)
rCorr    .         Harm     .   (no ring)
MR       .....                  (no ring)
Stlth    ++++......             (no ring)
HPRegen  0.09/turn              (no ring)
MPRegen  0.11/turn              (no ring)
                                (no ring)
                                (no ring)

@: no status effects
A: almost no armour, stealthy swim, amphibious, 8 rings, constrict 8, camouflage
1, gelatinous body 1
a: no special abilities


You were on level 3 of the Dungeon.
You were not hungry.

You visited 1 branch of the dungeon, and saw 3 of its levels.

You collected 50 gold pieces.

Inventory:

Hand Weapons
 l - a +1 whip of electrocution
 t - a cursed -3 short sword (weapon)
Missiles
 d - 60 stones (quivered)
 e - 5 tomahawks
 p - 51 sling bullets
Armour
 a - a +0 hat
 m - a +0 shield
 o - a +1 hat (worn)
Jewellery
 i - an uncursed ring of fire {unknown}
 j - an uncursed amulet of regeneration {unknown}
 k - an uncursed ring of see invisible {unknown}
 n - an uncursed ring of magical power {unknown}
 q - an uncursed ring of magical power {unknown}
Potions
 f - a potion of heal wounds {unknown}
 g - a potion of cancellation {unknown}
 h - a potion of brilliance {unknown}
Books
 b - a book of Minor Magic

   Spells                             Type                      Level
   a - Magic Dart                     Conjuration                  1
   b - Blink                          Translocation                2
   c - Call Imp                       Summoning                    2
   d - Slow                           Hexes                        2
   e - Conjure Flame                  Conjuration/Fire             3
   f - Mephitic Cloud                 Conjuration/Poison/Air       3
Comestibles
 c - 2 rations


   Skills:
 + Level 1.2 Short Blades
 - Level 2.0 Dodging
 - Level 6.2 Stealth
 + Level 0.8 Shields
 - Level 3.0 Spellcasting
 - Level 1.0 Conjurations
   Level 1.0 Summonings
   Level 1.0 Translocations


You had 8 spell levels left.
You knew the following spells:

 Your Spells              Type           Power        Failure   Level  Hunger
a - Magic Dart            Conj           #...         9%          1    None


Dungeon Overview and Level Annotations

Branches:
Dungeon (3/15)

Altars:
Ashenzari

Annotations:
D:3 SlightEye's ghost, amateur OpAs


Innate Abilities, Weirdness & Mutations

You cannot wear most types of armour.
You are very stealthy in the water. (Stealth+)
You are amphibious.
You can wear up to eight rings at the same time.
You can use your tentacles to constrict eight enemies at once.
Your skin changes colour to match your surroundings (Stealth+).
Your rubbery body absorbs attacks. (AC +1, EV +1)


Message History

The goblin hits you with a club.
You hit SlightEye's ghost but do no damage.
SlightEye's ghost closely misses you. The goblin barely misses you.
You closely miss SlightEye's ghost. SlightEye's ghost hits you.
The goblin barely misses you.
You hit SlightEye's ghost but do no damage.
SlightEye's ghost hits you. The goblin hits you with a club.
* * * LOW HITPOINT WARNING * * *
You hit SlightEye's ghost.
SlightEye's ghost is lightly damaged.
SlightEye's ghost closely misses you. The goblin barely misses you.
You hit SlightEye's ghost but do no damage.
SlightEye's ghost is lightly damaged.
SlightEye's ghost closely misses you. The goblin hits you with a club.
* * * LOW HITPOINT WARNING * * *
SlightEye's ghost hits you but does no damage.
You barely miss SlightEye's ghost.
SlightEye's ghost is lightly damaged.
The goblin hits you with a club.
You die...

#...........#.#
#............#
####............#
#....)..........#
#...............#
#.................
#...............##
#######...............#
.......@..............#
###...gWw.........
#..............
#.............
#...........##
#...........#
#...........#
#...........#


You could see a worm, SlightEye's ghost and a goblin.

Vanquished Creatures
  A hound skeleton (D:3)
  4 adders
  A worm (D:2)
  4 dart slugs
  2 leopard geckos
  An orc (D:2)
  3 goblins
  6 hobgoblins
  2 jackals (D:2)
  3 kobolds
  2 quokkas (D:2)
  5 bats
  6 frilled lizards
  2 rats
42 creatures vanquished.

Notes
Turn   | Place    | Note
-------+----------+-------------------------------------------
     0 | D:1      | Htamos the Octopode Wizard began the quest for the Orb.
     0 | D:1      | Reached XP level 1. HP: 11/11 MP: 4/4
   115 | D:1      | Reached skill level 3 in Stealth
   235 | D:1      | Reached XP level 2. HP: 17/17 MP: 3/6
   338 | D:1      | Reached skill level 4 in Stealth
  1317 | D:2      | Found a shattered altar of Ashenzari.
  1480 | D:2      | Reached XP level 3. HP: 11/21 MP: 0/7
  1662 | D:2      | Reached skill level 5 in Stealth
  2235 | D:2      | Reached skill level 6 in Stealth
  2235 | D:2      | Reached XP level 4. HP: 19/27 MP: 0/8
  3243 | D:3      | Reached skill level 1 in Short Blades
  3266 | D:3      | Noticed SlightEye's ghost (amateur OpAs)
  3448 | D:3      | Slain by a goblin

Skill      XL: |  1  2  3  4 |
---------------+-------------+-----
Stealth        | 3 4 6 |  6.2
Short Blades   | 1 |  1.2
Dodging        | |  2.0
Shields        | |  0.8
Spellcasting   | |  3.0
Conjurations   | |  1.0
Summonings     | |  1.0
Translocations | |  1.0

Action                   |  1- 3 |  4- 6 || total
-------------------------+-------+-------++-------
Melee: Unarmed           |    52 |     6 ||    58
       Constrict         |    11 |     4 ||    15
       Tentacles         |     7 |     1 ||     8
       Short sword       |       |    22 ||    22
Throw: Stone             |     2 |       ||     2
 Cast: Magic Dart        |    70 |    48 ||   118
  Use: Scroll            |       |     2 ||     2
 Stab: Sleeping          |     1 |       ||     1
  Eat: Chunk             |     3 |     5 ||     8
Armor: Skin              |     1 |     5 ||     6
Dodge: Dodged            |    30 |    25 ||    55
